 Dungeon Crawl Stone Soup version 0.30-b1-2-g02819fbbbe (webtiles) character file.

Game seed: 203743317665949398

3579 Anothat the Blocker (level 10, -1/80 HPs)
             Began as a Formicid Fighter on May 7, 2023.
             Was a Priest of Trog.
             Slain by a slime creature (12 damage)
             ... on level 8 of the Dungeon.
             The game lasted 00:10:34 (7302 turns).

Anothat the Blocker (Formicid Fighter)              Turns: 7302, Time: 00:10:35

Health: -1/80      AC: 16    Str: 24    XL:     10   Next: 31%
Magic:  10/10      EV:  8    Int:  9    God:    Trog [***...]
Gold:   745        SH:  7    Dex: 13    Spells: 9/9 levels left

rFire   + . .        a - +0 war axe (freeze)
rCold   . . .        c - +1 buckler
rNeg    . . .        x - +0 chain mail
rPois   .            (helmet unavailable)
rElec   .            (no cloak)
rCorr   .            (no gloves)
SInv    +            e - +0 pair of boots
Will    +++..        i - amulet of regeneration Stlth
                     y - +4 ring of protection
HPRegen 2.13/turn    l - ring of protection from fire
MPRegen 0.12/turn

%: no passive effects
@: strong-willed, regenerating
A: permanent stasis, dig shafts and tunnels, antennae 3, four strong arms
a: Dig, Shaft Self, Renounce Religion, Trog's Hand


You were on level 8 of the Dungeon.
You worshipped Trog.
Trog was most pleased with you.
You visited 1 branch of the dungeon, and saw 8 of its levels.
You also visited: Ossuary.

You collected 745 gold pieces.

Inventory:

Hand Weapons
 a - a +0 war axe of freezing (weapon)
Missiles
 k - a throwing net
Armour
 b - a +0 scale mail
 c - a +1 buckler (worn)
 e - a +0 pair of boots (worn)
 x - a +0 chain mail (worn)
Jewellery
 d - a +6 ring of dexterity
 i - an amulet of regeneration (around neck)
 l - a ring of protection from fire (right hand)
 y - a +4 ring of protection (left hand)
 D - a ring of positive energy
Wands
 B - a wand of digging (5)
Scrolls
 g - a scroll of blinking
 j - 2 scrolls of poison
 m - a scroll of teleportation
 n - 2 scrolls of silence
 E - a scroll of brand weapon
Potions
 f - 5 potions of resistance
 h - 2 potions of cancellation
 o - a potion of attraction
 p - 2 potions of flight
 r - a potion of mutation
 s - 5 potions of curing
 t - a potion of ambrosia
 u - a potion of degeneration
 v - a potion of berserk rage {unknown}
 w - 3 potions of brilliance
 z - a potion of might
 A - 2 potions of magic
 C - a potion of invisibility {unknown}


   Skills:
 + Level 7.6 Fighting
 * Level 9.2 Axes
 + Level 7.7 Armour
 + Level 9.2 Shields


You had 9 spell levels left.
You didn't know any spells.
Your spell library was empty.

Dungeon Overview and Level Annotations

Branches:
Dungeon (8/15)             Temple (0/1) D:6         Ossuary (visited)
   Lair: D:8-11

Altars:
Ashenzari
Dithmenos
Makhleb
Okawaru
Qazlal
Ru
Trog
Vehumet

Shops:
D:7 *

Annotations:
D:5 2 transporters, PanSaczeczos's ghost, amateur BaNe


Innate Abilities, Weirdness & Mutations

You cannot be hasted, slowed, berserked, paralysed or teleported.
You can dig through walls and to a lower floor.
You have a pair of large antennae on your head. (SInv)
Your four strong arms can wield two-handed weapons with a shield.


Message History

You hit the yak. You freeze the yak.
The yak is moderately wounded.
You barely miss the slime creature. The yak gores you!
The slime creature hits you but does no damage.
You feel much better. You block the yak's attack. The slime creature hits you!
Your skin crawls.
You feel strong-willed. The yak gores you but does no damage.
The slime creature closely misses you.
You barely miss the yak.
The yak is moderately wounded.
You slash the slime creature! You freeze the slime creature. The yak gores you.
You block the slime creature's attack.
You slash the yak! You freeze the yak.
The yak is severely wounded.
You hit the slime creature. You freeze the slime creature.
You block the yak's attack. The slime creature hits you!
You slash the yak! You freeze the yak.
You kill the yak!
Trog accepts your kill.
You hit the slime creature. You freeze the slime creature.
The orc wizard gestures wildly while chanting.
The orc wizard flickers and vanishes for a moment.
The slime creature hits you. The hornet closely misses you.
You barely miss the hornet. You hit the slime creature.
You freeze the slime creature. The hornet stings you.
* * * LOW HITPOINT WARNING * * *
Your stasis prevents you from being slowed.
The slime creature hits you!
* * * LOW HITPOINT WARNING * * *
Okay, then.
Okay, then.
Okay, then.
Okay, then.
Okay, then.
Okay, then.
Okay, then.
The hornet attacks as you move away! You block the hornet's attack.
The slime creature attacks as you move away!
The slime creature hits you!
You die...

# ### .# $. .....# #. #.
.....###.#.##.. .###
#.###....##........
.....#Yo..........#.....
#.!oyJ#...<...........
#.###@#...............
#.....#....#......##.#
.....#.........#........
.... #.###..........P..P
... #.......###...P...P
.. ....#....###.PP.P...
# ....#....##.PP.P.P..
....#...........####
###..............#{ +


You could see a slime creature, a hornet, an orc warrior, a sky beast and an orc
wizard (invisible).

Vanquished Creatures
  Sigmund (D:2)
  Eustachio (D:4)
  A yak (D:8)
  3 black bears
  4 ice beasts
  2 orc warriors
  An ogre (D:5)
  2 phantoms (D:5)
  A centaur (D:8)
  Blork the orc (D:6)
  5 bullfrogs
  2 scorpions
  7 wights (D:7)
  2 howler monkeys
  A crimson imp (D:6)
  4 hounds
  2 orc priests
  2 jellies
  3 sleepcaps
  7 orc wizards
  3 iguanas
  Natasha (thrice) (D:2)
  8 mummies (Ossuary)
  9 adders
  4 shadow imps (D:6)
  4 white imps (D:6)
  3 ufetubi (D:6)
  4 worms
  3 dart slugs
  16 orcs
  5 ball pythons
  6 endoplasms
  4 giant cockroaches
  4 gnoll zombies (Ossuary)
  10 goblins
  9 hobgoblins
  4 jackals (D:4)
  5 kobolds
  2 quokkas
  5 bats
  3 frilled lizards (D:3)
  A hobgoblin zombie (Ossuary)
  A kobold zombie (Ossuary)
  2 orc zombies (Ossuary)
  3 rats
173 creatures vanquished.

Vanquished Creatures (others)
  2 demonic plants (D:6)
  A fungus (D:8)
  6 plants (D:8)
9 creatures vanquished.

Grand Total: 182 creatures vanquished

Notes
Turn   | Place    | Note
-------+----------+-------------------------------------------
     0 | D:1      | Anothat the Formicid Fighter began the quest for the Orb.
     0 | D:1      | Reached XP level 1. HP: 18/18 MP: 1/1
   136 | D:1      | Reached XP level 2. HP: 21/24 MP: 2/2
   599 | D:2      | Noticed Sigmund
   617 | D:2      | Killed Sigmund
   618 | D:2      | Reached skill level 5 in Shields
   618 | D:2      | Reached XP level 3. HP: 9/30 MP: 3/3
   618 | D:2      | Reached XP level 4. HP: 12/37 MP: 4/4
   618 | D:2      | Reached XP level 5. HP: 13/42 MP: 5/5
   619 | D:2      | Reached XP level 6. HP: 16/48 MP: 6/6
   806 | D:2      | Noticed Natasha
   811 | D:2      | Killed Natasha
   820 | D:2      | Noticed Natasha
   829 | D:2      | Killed Natasha
   889 | D:2      | Noticed Natasha
   900 | D:2      | Killed Natasha
  1135 | D:3      | Found a faded altar of an unknown god.
  1146 | D:3      | Prayed at the altar of an unknown god.
  1146 | D:3      | Became a worshipper of Trog the Wrathful
  1146 | D:3      | Reached * piety under Trog
  1206 | D:3      | Found a stormy altar of Qazlal.
  1484 | D:3      | Reached XP level 7. HP: 46/55 MP: 7/7
  1703 | D:3      | Reached ** piety under Trog
  2199 | D:4      | Found a sacrificial altar of Ru.
  2231 | D:4      | Found a sand-covered staircase.
  2278 | Ossuary  | Entered an ossuary
  2349 | Ossuary  | Reached skill level 5 in Axes
  2929 | D:4      | Noticed Eustachio
  2950 | D:4      | Killed Eustachio
  2951 | D:4      | Reached skill level 5 in Fighting
  2951 | D:4      | Reached skill level 5 in Armour
  2951 | D:4      | Reached XP level 8. HP: 61/62 MP: 8/8
  3467 | D:5      | Entered Level 5 of the Dungeon
  4249 | D:5      | Reached XP level 9. HP: 30/69 MP: 9/9
  4410 | D:5      | Found a transporter.
  4499 | D:5      | Found a transporter.
  4502 | D:5      | Noticed PanSaczeczos's ghost (amateur BaNe)
  4985 | D:6      | Found an iron altar of Okawaru.
  5113 | D:6      | Noticed Blork the orc
  5127 | D:6      | Killed Blork the orc
  5127 | D:6      | Reached *** piety under Trog
  5394 | D:6      | Found a staircase to the Ecumenical Temple.
  6079 | D:7      | Found Yselaip's General Store.
  6324 | D:7      | Found a broken altar of Ashenzari.
  6605 | D:7      | Reached XP level 10. HP: 76/77 MP: 10/10
  6655 | D:7      | Found a burning altar of Makhleb.
  6655 | D:7      | Found a shadowy altar of Dithmenos.
  6655 | D:7      | Found a radiant altar of Vehumet.
  7302 | D:8      | Slain by a slime creature

Illustrated notes

Levels and vault maps discovered:
D:1:      grunt_arrival_crossed_arrows, layout_rooms
D:2:      minmay_evil_eye, layout_rooms, uniq_natasha, uniq_sigmund
D:3:      minmay_spotlight, layout_loops_cross, nicolae_overflow_crystal_walls,
          basic_ecumenical_altar, minmay_quadrilaterals
D:4:      layout_cave_pods, mainiacjoe_overflow_concentric_impassable,
          enter_ossuary_1, uniq_eustachio
D:5:      layout_basic, gammafunk_ghost_abyssal_escape, minmay_parallelograms,
          kennysheep_generic_room_10
D:6:      layout_basic, mainiacjoe_overflow_small_starburst,
          minmay_temple_entry_mini_moons, serial_demonic, serial_demonic_c,
          serial_demonic_f, serial_demonic_b, serial_demonic_e,
          serial_demonic_f, serial_demonic_c, minmay_fire_ice_demons,
          uniq_blork_the_orc
D:7:      layout_loops_ring, evilmike_ruin_ashenzari,
          gammafunk_temple_overflow_forgotten, enter_bailey_8, serial_shops,
          shop
D:8:      hangedman_cross_stitches, layout_rooms,
          grunt_lair_entry_orc_guard_hut, ebering_ghost_inner_flame

Skill      XL: |  1  2  3  4  5  6  7  8  9 10 |
---------------+-------------------------------+-----
Fighting       | 4 5 6 7 |  7.6
Axes           | 3 4 5 6 8 9 |  9.2
Armour         | 4 5 6 7 |  7.7
Shields        | 5 6 7 8 9 |  9.2

Action                     |  1- 3 |  4- 6 |  7- 9 | 10-12 || total
---------------------------+-------+-------+-------+-------++-------
  Melee: War axe           |    46 |    94 |   401 |    59 ||   600
 Invoke: Trog's Hand       |       |       |     1 |     1 ||     2
  Evoke: Wand              |       |       |     4 |       ||     4
    Use: Potion            |     2 |       |     2 |     1 ||     5
         Scroll            |       |       |    13 |     5 ||    18
 Armour: Scale mail        |    19 |    33 |    62 |       ||   114
         Chain mail        |       |       |   123 |    25 ||   148
  Dodge: Dodged            |    19 |    40 |   145 |    27 ||   231
  Block: Buckler           |     5 |    29 |   134 |    25 ||   193
